Map: Abyssal Reef LE

Players

GAMETIME

  • Race: Zerg Zerg
  • Spawn Location: 11:00

Caliber - Winner!

  • Race: Protoss Protoss
  • Spawn Location: 5:00

Event: WCS Austin 2017

VOD

Have the link to the VOD?

Description

Time

  • Played on: April 28, 2017, 4:55 p.m.
  • Length: 13:29

All games in this series

Show
View Real Time Build Order
Export as new Build Order

GAMETIME Zerg 

Build Orders: Pool First, Lurkers 

Get SALT Encoding   

  12  0:00  Drone  
  13  0:13  Overlord  
  13  0:17  Drone  
  14  0:26  Drone, Extractor  
  15  0:32  Drone  
  16  0:35  Drone  
  17  0:47  Extractor  
  17  0:48  Spawning Pool  
  15  0:51  Drone  
  15  0:57  Drone  
  17  1:07  Drone  
  18  1:22  Hatchery  
  18  1:25  Drone  
  18  1:36  Queen  
  20  1:43  Zergling x2  
  20  1:46  Metabolic Boost  
  21  1:54  Overlord  
  21  2:04  Drone  
  22  2:11  Queen  
  22  2:12  Drone  
  22  2:15  Drone  
  26  2:23  Drone  
  27  2:40  Drone, Hatchery  
  27  2:43  Zergling x2  
  28  2:46  Zergling x2  
  28  2:50  Zergling x2  
  30  2:51  Drone  
  30  2:55  Zergling x2  
  31  2:59  Overlord  
  31  3:03  Drone  
  32  3:05  Drone  
  32  3:08  Drone  
  32  3:12  Drone  
  35  3:16  Lair  
  35  3:19  Drone  
  36  3:20  Drone  
  36  3:22  Drone  
  36  3:24  Drone  
  36  3:26  Drone  
  40  3:32  Drone  
  40  3:33  Drone  
  39  3:43  Overlord x2  
  39  3:53  Drone x3  
  42  3:58  Overlord  
  42  4:01  Roach Warren  
  42  4:02  Drone x3  
  44  4:03  Extractor  
  44  4:04  Drone  
  44  4:05  Drone  
  44  4:06  Drone  
  44  4:09  Drone  
  47  4:10  Drone  
  47  4:14  Drone  
  47  4:15  Drone x2  
  51  4:19  Overseer  
  51  4:22  Overseer  
  51  4:23  Drone x3  
  54  4:26  Extractor  
  54  4:28  Extractor  
  52  4:31  Queen  
  52  4:34  Drone x2  
  52  4:35  Drone  
  56  4:51  Drone, Evolution Chamber  
  56  4:52  Drone  
  57  4:53  Drone  
  57  4:55  Roach x4  
  57  4:56  Glial Reconstitution  
  57  4:57  Overlord  
  66  5:00  Overlord  
  66  5:04  Overlord  
  66  5:08  Pneumatized Carapace  
  66  5:16  Overlord x2  
  66  5:18  Zerg Missile Weapons Level 1  
  66  5:23  Drone  
  66  5:24  Drone x4, Hydralisk Den  
  66  5:27  Spore Crawler  
  69  5:30  Spore Crawler  
  69  5:31  Spore Crawler  
  69  5:32  Drone  
  69  5:34  Drone x2  
  70  5:36  Drone  
  70  5:39  Drone  
  70  5:40  Drone  
  70  5:43  Drone x2  
  70  5:46  Drone x3  
  75  5:51  Overlord  
  75  5:52  Drone, Extractor  
  75  5:53  Extractor  
  75  5:54  Drone  
  75  5:55  Drone  
  76  5:58  Queen  
  76  6:01  Drone  
  76  6:02  Drone  
  76  6:03  Drone  
  81  6:05  Overlord  
  81  6:10  Muscular Augments  
  81  6:17  Hatchery  
  81  6:18  Hydralisk  
  80  6:21  Overlord  
  80  6:23  Hydralisk  
  80  6:25  Hydralisk  
  84  6:27  Hydralisk  
  84  6:30  Hydralisk  
  89  6:33  Hydralisk  
  89  6:35  Drone x2  
  89  6:36  Drone  
  89  6:38  Hydralisk  
  94  6:40  Hydralisk  
  94  6:44  Hydralisk x2  
  100  6:48  Hydralisk  
  100  6:49  Hydralisk  
  100  6:52  Overlord  
  104  6:54  Overlord  
  104  6:57  Overlord  
  104  6:59  Overlord  
  104  7:01  Hydralisk  
  104  7:08  Overlord  
  106  7:09  Overlord x2  
  106  7:11  Hydralisk  
  106  7:12  Hydralisk  
  106  7:15  Zerg Missile Weapons Level 2  
  110  7:18  Roach  
  110  7:22  Ravager x4  
  116  7:24  Drone  
  116  7:25  Drone x4  
  116  7:26  Drone  
  116  7:29  Lurker Den  
  122  7:33  Hydralisk  
  122  7:36  Overseer  
  122  7:37  Overlord  
  124  7:38  Hydralisk  
  124  7:42  Hydralisk  
  128  7:45  Hydralisk, Extractor  
  128  7:47  Hydralisk  
  128  7:49  Ravager  
  128  7:50  Roach  
  136  7:51  Roach  
  136  7:56  Roach x3  
  142  7:58  Roach x2  
  142  8:01  Roach  
  142  8:02  Hydralisk  
  150  8:05  Hydralisk  
  150  8:06  Hydralisk  
  150  8:08  Hydralisk  
  150  8:10  Hydralisk  
  150  8:11  Hydralisk  
  160  8:22  Drone x3  
  160  8:23  Extractor  
  160  8:24  Hydralisk  
  160  8:25  Hydralisk  
  166  8:27  Overlord  
  166  8:30  Overlord  
  166  8:33  Overlord, Hatchery  
  165  8:44  Hydralisk  
  165  8:47  Overlord, Hydralisk x4  
  165  8:48  Hydralisk  
  175  8:51  Hydralisk  
  179  8:56  Lurker x4  
  179  8:57  Hydralisk  
  179  8:59  Hydralisk  
  187  9:05  Hydralisk x2  
  189  9:15  Hydralisk  
  189  9:16  Hydralisk x5  
  193  9:22  Hydralisk x2  
  195  9:24  Hydralisk  
  195  9:25  Hydralisk  
  182  9:37  Hydralisk x5  
  187  9:46  Lurker x2  
  187  9:49  Zergling x14  
  187  9:52  Zerg Melee Weapons Level 1  
  196  9:59  Hydralisk  
  165  10:00  Hydralisk x3  
  165  10:01  Hydralisk  
  163  10:08  Hydralisk x3  
  163  10:10  Zergling x4  
  169  10:14  Hydralisk x2  
  169  10:16  Hydralisk  
  169  10:18  Hydralisk  
  169  10:20  Hydralisk  
  155  10:23  Hydralisk  
  155  10:24  Hydralisk  
  155  10:26  Zergling x2  
  155  10:27  Hydralisk  
  147  10:30  Drone x2  
  147  10:32  Lurker  
  148  10:38  Lurker, Zergling x2  
  148  10:39  Zergling x12  
  156  10:43  Lurker  
  156  10:44  Hydralisk  
  156  10:46  Zergling x2  
  156  10:47  Zergling x4  
  156  10:48  Lurker  
  163  10:50  Zergling x4  
  163  10:52  Hydralisk  
  163  10:53  Hydralisk  
  163  10:56  Hydralisk  
  171  11:00  Hydralisk x2  
  171  11:03  Hydralisk  
  177  11:06  Lurker  
  177  11:09  Hydralisk  
  179  11:17  Hydralisk x4  
  184  11:21  Zergling x2  
  184  11:22  Zergling x12  
  191  11:31  Hydralisk x2  
  192  11:37  Overseer  
  191  11:43  Hydralisk x6  
  191  11:44  Hydralisk x2  
  191  11:46  Zergling x2  
  191  11:47  Zergling x4  
  171  11:49  Hydralisk  
  171  11:52  Hydralisk x2  
  149  11:55  Zergling x4  
  149  11:57  Lurker  
  148  12:02  Hydralisk x3  
  148  12:05  Zergling x4  
  148  12:06  Hydralisk  
  158  12:14  Lurker  
  158  12:15  Lurker, Hydralisk x2  
  155  12:17  Zergling x6  
  155  12:19  Hydralisk  
  165  12:22  Lurker  
  165  12:24  Zergling x2  
  165  12:25  Zergling x6  
  165  12:29  Hydralisk x2  
  169  12:31  Hydralisk  
  169  12:35  Hydralisk x2  
  179  12:37  Lurker  
  174  12:46  Lurker x2  
  174  12:48  Hydralisk  
  178  12:55  Zergling x8  
  178  12:56  Zergling x22  
  182  13:11  Zergling x2  
Show
View Real Time Build Order
Export as new Build Order

Caliber Protoss - Winner!

Build Orders: 1 Gate Expand, Phoenix Opening 

Get SALT Encoding   

  12  0:01  Probe (Chrono Boost)  
  13  0:11  Probe (Chrono Boost)  
  14  0:18  Pylon  
  14  0:22  Probe (Chrono Boost)  
  15  0:36  Probe (Chrono Boost)  
  15  0:40  Gateway  
  16  0:46  Probe (Chrono Boost)  
  18  0:57  Probe (Chrono Boost)  
  18  1:00  Assimilator  
  18  1:07  Probe (Chrono Boost)  
  19  1:25  Nexus  
  19  1:35  Cybernetics Core  
  19  1:40  Zealot  
  19  1:44  Probe (Chrono Boost)  
  22  1:51  Pylon  
  22  1:57  Assimilator  
  22  2:00  Probe (Chrono Boost)  
  23  2:11  Warp Gate, Adept  
  25  2:17  Probe (Chrono Boost)  
  26  2:27  Probe (Chrono Boost)  
  26  2:28  Gateway  
  28  2:37  Probe (Chrono Boost)  
  28  2:40  Stalker  
  30  2:44  Probe (Chrono Boost)  
  30  2:51  Probe (Chrono Boost)  
  32  2:55  Probe (Chrono Boost)  
  33  3:01  Probe (Chrono Boost)  
  33  3:02  Stargate  
  34  3:11  Probe (Chrono Boost)  
  34  3:12  Probe (Chrono Boost)  
  36  3:21  Probe (Chrono Boost)  
  36  3:22  Probe (Chrono Boost)  
  38  3:32  Mothership Core (Chrono Boost)  
  38  3:33  Probe (Chrono Boost)  
  41  3:34  Pylon  
  41  3:38  Pylon  
  39  3:43  Probe (Chrono Boost)  
  39  3:47  Sentry  
  44  3:50  Probe (Chrono Boost), Phoenix  
  44  3:54  Probe (Chrono Boost)  
  46  3:57  Assimilator  
  46  4:00  Assimilator  
  46  4:01  Probe (Chrono Boost)  
  47  4:04  Probe (Chrono Boost)  
  48  4:11  Probe (Chrono Boost)  
  48  4:15  Probe (Chrono Boost)  
  50  4:17  Phoenix  
  50  4:22  Probe (Chrono Boost)  
  50  4:23  Pylon, Adept  
  55  4:25  Adept  
  55  4:26  Probe (Chrono Boost)  
  58  4:32  Probe (Chrono Boost)  
  58  4:36  Probe (Chrono Boost)  
  60  4:42  Phoenix  
  60  4:43  Probe (Chrono Boost)  
  63  4:47  Probe (Chrono Boost)  
  63  4:48  Adept  
  63  4:49  Zealot  
  68  4:54  Probe (Chrono Boost)  
  68  4:57  Nexus  
  69  5:01  Pylon  
  69  5:09  Robotics Facility  
  69  5:12  Robotics Facility  
  69  5:16  Probe (Chrono Boost)  
  69  5:19  Probe (Chrono Boost), Pylon  
  71  5:22  Adept  
  73  5:30  Pylon  
  73  5:34  Void Ray  
  78  5:35  Probe (Chrono Boost)  
  78  5:37  Probe (Chrono Boost)  
  79  5:43  Stalker, Adept  
  83  5:51  Probe (Chrono Boost)  
  83  5:52  Probe (Chrono Boost)  
  83  5:53  Immortal  
  85  5:57  Observer, Pylon  
  85  6:03  Pylon  
  90  6:09  Pylon  
  93  6:11  Probe (Chrono Boost)  
  93  6:12  Probe x2 (Chrono Boost)  
  93  6:19  Forge, Immortal  
  93  6:22  Probe (Chrono Boost)  
  93  6:24  Probe (Chrono Boost)  
  93  6:25  Probe (Chrono Boost)  
  100  6:37  Immortal  
  100  6:38  Probe x2 (Chrono Boost), Robotics Bay  
  102  6:43  Stalker x2  
  102  6:47  Probe (Chrono Boost)  
  111  6:50  Probe x2 (Chrono Boost)  
  113  6:54  Protoss Ground Weapons Level 1  
  113  6:57  Probe (Chrono Boost)  
  113  6:59  Assimilator  
  116  7:02  Assimilator, Probe x2 (Chrono Boost)  
  116  7:08  Probe (Chrono Boost)  
  117  7:09  Immortal  
  117  7:11  Pylon  
  117  7:14  Probe x2 (Chrono Boost), Pylon  
  123  7:18  Probe (Chrono Boost)  
  123  7:20  Disruptor  
  124  7:29  Probe x2 (Chrono Boost)  
  129  7:32  Photon Cannon  
  129  7:34  Photon Cannon  
  129  7:35  Photon Cannon  
  129  7:38  Photon Cannon  
  129  7:39  Pylon  
  129  7:43  Disruptor  
  132  7:51  Disruptor  
  132  7:53  Pylon  
  135  8:04  Gateway  
  135  8:05  Twilight Council, Gateway  
  135  8:07  Gateway  
  135  8:09  Gateway  
  134  8:14  Stalker x2, Disruptor, Pylon  
  134  8:16  Pylon  
  141  8:22  Disruptor  
  141  8:32  Blink  
  144  8:39  Adept x2  
  146  8:44  Nexus  
  146  8:47  Templar Archives  
  146  8:50  Disruptor  
  146  8:52  Void Ray  
  153  9:00  Pylon  
  153  9:03  Assimilator, Disruptor  
  153  9:07  Assimilator  
  153  9:09  Stalker x2  
  160  9:10  Stalker x2  
  164  9:34  Protoss Ground Weapons Level 2  
  164  9:45  Stalker  
  164  9:46  Stalker x3  
  164  9:51  Pylon  
  172  9:53  Pylon  
  172  9:55  Pylon  
  172  9:58  Pylon  
  166  10:00  Pylon  
  155  10:09  Stalker x3  
  155  10:10  Zealot, Stalker x2  
  151  10:22  Probe x3 (Chrono Boost)  
  151  10:24  Colossus  
  151  10:28  Resonating Glaives, Colossus  
  151  10:34  Zealot x5  
  173  10:41  Photon Cannon  
  173  10:42  Photon Cannon  
  173  10:43  Photon Cannon x2  
  173  10:49  Extended Thermal Lance  
  173  10:54  High Templar x2  
  173  10:56  Nexus  
  177  10:58  Pylon, Archon  
  177  10:59  Pylon  
  177  11:00  Pylon  
  177  11:20  Colossus x2  
  177  11:25  Nexus  
  175  11:27  Pylon x2  
  186  11:35  Photon Cannon  
  186  11:37  Photon Cannon  
  167  11:50  Probe (Chrono Boost)  
  167  11:51  Probe (Chrono Boost)  
  155  11:58  Nexus  
  155  12:01  Pylon  
  155  12:11  Colossus  
  155  12:12  Colossus  
  155  12:16  Stalker x6  
  179  12:23  Pylon  
  179  12:40  Assimilator  
  179  12:42  Adept x3  
  185  12:46  Assimilator, High Templar x2  
  185  12:50  Archon  
  189  12:55  Stalker  
  191  13:04  Stalker x3  
Tags
 
Add a new tag
Caveats
  • Supply blocks, unpowered buildings, or Contaminate may cause inaccurate times.
  • Supply counts are checked every 10 seconds.